 Dungeon Crawl Stone Soup version 0.30.0-5-g1a98f26d00 (webtiles) character file.

Game seed: 17413125695194862449

148 Irreverend the Insei (level 5, 0/36 HPs)
             Began as an Octopode Transmuter on May 13, 2023.
             Slain by an orc
             ... wielding a +1 hand axe of electrocution
              (5 damage)
             ... on level 2 of the Dungeon.
             The game lasted 00:04:01 (2382 turns).

Irreverend the Insei (Octopode Transmuter)          Turns: 2382, Time: 00:04:01

Health: 0/36       AC:  1    Str: 11    XL:     5   Next: 30%
Magic:  5/8        EV: 13    Int: 16    God:
Gold:   62         SH:  0    Dex: 12    Spells: 5/8 levels left

rFire   . .          .
                       - Unarmed
rCold   . . .        (no shield)
rNeg    . . .        (helmet currently unavailable)
rPois   .            (no amulet)
rElec   .            (no ring)
rCorr   .            (no ring)
SInv    .            (no ring)
Will    .....        (no ring)
Stlth   ++           (no ring)
HPRegen 0.26/turn    (no ring)
MPRegen 0.11/turn    (no ring)
                     (no ring)

%: no passive effects
@: appendages, wereblooded
A: tentacle spike 3, almost no armour, amphibious, 8 rings, camouflage 1,
gelatinous body 1, (nimble swimmer 1), tentacles
a: End Transformation


You were on level 2 of the Dungeon.
One of your tentacles had grown a beastly spike.
You visited 1 branch of the dungeon, and saw 3 of its levels.

You collected 62 gold pieces.

Inventory:

Scrolls
 c - 2 scrolls of identify {unknown}
 d - a scroll of noise {unknown}
 e - a scroll of brand weapon {unknown}
Potions
 a - a potion of lignification
 b - a potion of heal wounds {unknown}


   Skills:
 + Level 2.8 Fighting
 - Level 2.0 Dodging
 + Level 4.1 Unarmed Combat
 - Level 2.0 Spellcasting
 + Level 3.4 Transmutations


You had 5 spell levels left.
You knew the following spells:

 Your Spells              Type           Power      Damage    Failure   Level
a - Beastly Appendage     Tmut           24%        N/A       4%          1
b - Wereblood             Tmut           12%        N/A       8%          2

Your spell library contained the following spells:

 Spells                   Type           Power      Damage    Failure   Level
 Spider Form              Tmut/Pois      7%         N/A       30%         3
 Ice Form                 Ice/Tmut       7%         N/A       71%         4


Dungeon Overview and Level Annotations

Branches:
Dungeon (3/15)

Altars:

Shops:
D:2 :


Innate Abilities, Weirdness & Mutations

One of your tentacles has grown a beastly spike.
You cannot wear most types of armour.
You are amphibious.
You can wear up to eight rings at the same time.
Your skin changes colour to match your surroundings (Stealth+).
Your rubbery body absorbs attacks. (AC +1, EV +1)
((You are camouflaged when in or above water. (Stealth+)))
You have tentacles for arms and can constrict up to eight enemies at once.


Message History

Your transformation is almost over.
You howl as the wereblood boils in your veins!
You start resting.
You howl as the wereblood boils in your veins!
You start resting.
You howl as the wereblood boils in your veins!
You start resting.
You howl as the wereblood boils in your veins!
You start resting.
Your primal bloodlust is almost over.
You start resting.
You howl as the wereblood boils in your veins!
Your tentacle spike disappears.
You start resting.
Your primal bloodlust has ended.
You start resting.
HP restored.
You climb downwards.
The endoplasm freezes you.
You are frozen.
The orc hits you with a +0 falchion.
There is a stone staircase leading up here.
The orc closely misses you. The endoplasm barely misses you.
The orc barely misses you.
The orc hits you with a +1 hand axe of electrocution.
You are electrocuted!
You climb upwards.
There is a stone staircase leading down, spattered with blood here.
Casting: Wereblood (safe; 8% risk of failure)
Confirm with . or Enter, or press ? or * to list all spells.
One of your tentacles grows a vicious spike.
The orc hits you with a +0 falchion.
* * * LOW HITPOINT WARNING * * *
The orc barely misses you. The orc closely misses you.
Casting: Beastly Appendage (safe; 4% risk of failure)
Confirm with . or Enter, or press ? or * to list all spells.
Your blood is infused with primal strength.
The orc misses you. The orc hits you with a +0 morningstar.
* * * LOW HITPOINT WARNING * * *
The orc hits you with a +1 hand axe of electrocution.
You die...

#.# #.##### #.....# #.#
#.....# #.##.## #.#######.#
#.##.# ###### #.#.....#.#
#<##.# .....#
#.#.###.#.##########.###
.....#
#.#.#.#.#.#........#...#
.....#
#.#.#.#.#.#.######.###.##
.....###.#...#.#o#.#
#.......#
..............Jo@#.#
#..######
.....###.......#o#.# #..#
.....#######.###.#.#####..#
.........# #.#.........#..#
.........# #.#.#...(.....##
.........# #.#.#.#.....#.#
..##.....# #.#.#.#.###.#.#
####.....# #.#.#.#.....#.#
#.....###.#.#.#.###.#.#


You could see 3 orcs and an endoplasm.

Vanquished Creatures
  An orc priest (D:2)
  Jessica (D:2)
  Terence (D:2)
  A gnoll (D:1)
  2 adders (D:2)
  An orc (D:2)
  7 bats
  6 endoplasms
  3 giant cockroaches
  2 goblins
  A hobgoblin (D:2)
  4 jackals (D:1)
  2 quokkas (D:1)
  2 ball pythons (D:2)
  A frilled lizard (D:2)
  A kobold (D:1)
  4 rats
40 creatures vanquished.

Notes
Turn   | Place    | Note
-------+----------+-------------------------------------------
     0 | D:1      | Irreverend the Octopode Transmuter began the quest for the
                  | Orb.
     0 | D:1      | Reached XP level 1. HP: 13/13 MP: 3/3
   222 | D:1      | Reached XP level 2. HP: 18/18 MP: 3/5
   319 | D:1      | Reached XP level 3. HP: 14/24 MP: 4/6
   361 | D:1      | Learned a level 2 spell: Wereblood
   468 | D:1      | You fall into a shaft and drop 1 floor!
   470 | D:2      | Noticed Terence
   473 | D:2      | Found Miminore's Book Shoppe.
   486 | D:2      | Killed Terence
   585 | D:2      | Reached XP level 4. HP: 26/29 MP: 3/7
  1568 | D:2      | Noticed Jessica
  1572 | D:2      | Killed Jessica
  1573 | D:2      | Reached skill level 4 in Unarmed Combat
  1573 | D:2      | Reached XP level 5. HP: 29/35 MP: 3/8
  2071 | D:1      | Found a faded altar of an unknown god.
  2071 | D:1      | Noticed an Ice Fiend
  2382 | D:2      | Slain by an orc

Illustrated notes

Levels and vault maps discovered:
D:1:      saegor_arrival_under_anarchy, layout_basic,
          dreamdust_ecumenical_altar_sealed_demon, st_stairs_7
D:2:      layout_basic, serial_shops, shop, st_stairs_14, uniq_jessica,
          uniq_terence
D:3:      layout_rooms, mainiacjoe_overflow_large_starburst

Skill      XL: |  1  2  3  4 |
---------------+-------------+-----
Fighting       | 2 |  2.8
Transmutations | 3 |  3.4
Unarmed Combat | 4 |  4.1
Dodging        | |  2.0
Spellcasting   | |  2.0

Action                     |  1- 3 |  4- 6 || total
---------------------------+-------+-------++-------
  Melee: Unarmed           |    57 |    31 ||    88
         Kick              |    20 |    12 ||    32
         Constrict         |    10 |    10 ||    20
         Tentacles         |    11 |     6 ||    17
         Punch             |     1 |     3 ||     4
   Cast: Beastly Appendage |    13 |    16 ||    29
         Wereblood         |     1 |    14 ||    15
   Stab: Sleeping          |     2 |     3 ||     5
 Armour: Skin              |    10 |     4 ||    14
  Dodge: Dodged            |    48 |    27 ||    75
